 Dungeon Crawl Stone Soup version 0.22-a0-407-gb098539 (webtiles) character file.

369 Serpenta the Skirmisher (level 6, -9/71 HPs)
             Began as an Ogre Chaos Knight on May 9, 2018.
             Mangled by a gnoll
             ... wielding a +0 halberd
              (16 damage)
             ... on level 5 of the Dungeon.
             The game lasted 00:07:51 (4304 turns).

Serpenta the Skirmisher (Ogre Chaos Knight)         Turns: 4304, Time: 00:07:52

Health: -9/71      AC:  6    Str: 17    XL:     6   Next: 70%
Magic:  6/6        EV:  9    Int: 13    God:    Xom [.....*]
Gold:   196        SH:  0    Dex: 10    Spells: 2/5 levels left

rFire    . . .     SeeInvis .   r - +1 flail
rCold    . . .     Gourm    .   (no shield)
rNeg     . . .     Faith    .   b - +2 robe
rPois    .         Spirit   .   (helmet restricted)
rElec    .         Reflect  .   j - +0 cloak
rCorr    .         Harm     .   (gloves unavailable)
MR       +....                  (boots unavailable)
Stlth    +.........             f - amulet of the acrobat
HPRegen  0.21/turn              (no ring)
MPRegen  0.10/turn              (no ring)

@: very slightly contaminated, drained, invisible
A: large, unfitting armour, talons 1, magic resistance 1, tough skin 1
a: Renounce Religion


You were on level 5 of the Dungeon.
You worshipped Xom.
You were Xom's teddy bear.
You were not hungry.

You visited 1 branch of the dungeon, and saw 5 of its levels.

You collected 196 gold pieces.


Innate Abilities, Weirdness & Mutations

You are too large for most types of armour.
You have tough skin. (AC +1)
You have sharp toenails.
You are resistant to hostile enchantments. (MR+)


   Skills:
 + Level 7.3(6.4) Fighting
 + Level 5.0(4.2) Maces & Flails
 - Level 2.1(1.3) Dodging


You had 2 spell levels left.
You knew the following spells:

 Your Spells              Type           Power        Failure   Level  Hunger
a - Apportation           Tloc           #.....       30%         1    ##.....
b - Blink                 Tloc           N/A          43%         2    ###....

Action                   |  1- 3 |  4- 6 || total
-------------------------+-------+-------++-------
Melee: Mace              |    61 |    80 ||   141
       Flail             |       |   130 ||   130
       Kick              |       |    30 ||    30
Throw: Tomahawk          |       |     3 ||     3
  Use: Scroll            |       |     8 ||     8
 Stab: Sleeping          |     1 |       ||     1
       Paralysed         |       |     2 ||     2
  Eat: Chunk             |       |     9 ||     9
       Ration            |       |     1 ||     1
Armor: Robe              |    14 |    82 ||    96
Dodge: Dodged            |    37 |   138 ||   175

Inventory:

Hand Weapons
 a - a +0 mace of chaos
 r - a +1 flail (weapon)
Missiles
 e - 7 tomahawks (quivered)
Armour
 b - a +2 robe (worn)
 j - a +0 cloak (worn)
 t - the +1 robe of the Wary Lovers {Int+5}
   (You found it on level 4 of the Dungeon)

   It affects your intelligence (+5).
Jewellery
 f - an amulet of the acrobat (around neck)
Scrolls
 d - a scroll of magic mapping {unknown}
 g - a scroll of amnesia
 h - 4 scrolls of identify
 k - a scroll of noise {unknown}
 l - a scroll of teleportation {unknown}
 m - a scroll of blinking {unknown}
 p - a scroll of fear {unknown}
 q - 2 scrolls of remove curse
Potions
 i - 4 potions of curing
 n - a potion of heal wounds
 o - a potion of agility
 s - a potion of might
 u - a potion of flight
 v - a potion of cancellation {unknown}
Comestibles
 c - 4 rations

.... ... .. #.#
#.. #.## ##..#
#..<### #...g
#..@..# #...#
#.ggg## #..g#
##...## #...#
##...# #...##
##..## #....#
#...# ##...#
#...## #....#
##...#####....#
#...##....##.#


You could see a gnoll shaman and 2 gnolls.

Vanquished Creatures
  A hound (D:4)
  An orc priest (D:4)
  Jessica (D:2)
  A worker ant (D:4)
  2 iguanas (D:4)
  2 orc wizards (D:3)
  A gnoll (D:5)
  5 adders
  A shadow imp (D:3)
  An ooze (D:2)
  2 worms
  A dart slug (D:1)
  16 orcs
  5 giant cockroaches
  3 hobgoblins
  3 jackals (D:4)
  4 quokkas
  3 ball pythons
  4 bats
  A frilled lizard (D:1)
  8 goblins
  4 kobolds
  5 rats
75 creatures vanquished.

Vault maps used:
D:1:      shiori_arrival_maze
D:2:      minivault_4, uniq_jessica
D:5:      minmay_temple_entry_fiery, first_ration


Message History

You barely miss the gnoll shaman. Your kick misses the gnoll shaman.
The gnoll shaman is severely wounded.
The gnoll hits you with a halberd. The gnoll shaman misses you.
You hit the gnoll shaman. You claw the gnoll shaman.
The gnoll shaman is almost dead.
The gnoll shaman hits you but does no damage.
The gnoll hits you with a flail.
You hit the gnoll shaman but do no damage.
The gnoll shaman is almost dead.
The gnoll shaman barely misses you. The gnoll completely misses you.
The gnoll shaman hits you with a whip.
* * * LOW HITPOINT WARNING * * *
You closely miss the gnoll shaman.
The gnoll shaman is almost dead.
The gnoll hits you with a flail!
* * * LOW HITPOINT WARNING * * *
The gnoll shaman hits you with a whip.
* * * LOW HITPOINT WARNING * * *
The gnoll hits you with a halberd!
You die...

Notes
Turn   | Place    | Note
-------+----------+-------------------------------------------
     0 | D:1      | Serpenta the Ogre Chaos Knight began the quest for the Orb.
     0 | D:1      | Reached XP level 1. HP: 24/24 MP: 1/1
    83 | D:1      | XOM: divination: magic mapping
   219 | D:1      | Reached XP level 2. HP: 33/33 MP: 2/2
   250 | D:1      | XOM: cast spell 'Leda's Liquefaction'
   818 | D:2      | XOM: divination: magic mapping
   875 | D:2      | Noticed Jessica
   881 | D:2      | Killed Jessica
   881 | D:2      | Reached skill level 5 in Fighting
   881 | D:2      | Reached XP level 3. HP: 42/42 MP: 3/3
   914 | D:2      | You fall through a shaft!
  1038 | D:3      | Reached XP level 4. HP: 41/50 MP: 4/4
  1273 | D:2      | XOM: harmless Tloc miscast
  1358 | D:2      | Learned a level 2 spell: Blink
  1737 | D:3      | XOM: silly message
  1739 | D:3      | Reached XP level 5. HP: 39/59 MP: 5/5
  1891 | D:3      | Reached skill level 6 in Fighting
  2014 | D:3      | XOM: give mutations
  2014 | D:3      | Gained mutation: You are resistant to hostile enchantments. (MR+) [Xom's grace]
  2014 | D:3      | Gained mutation: You have sharp toenails. [Xom's grace]
  2567 | D:4      | XOM: 4-stop teleportation journey
  2573 | D:4      | Reached XP level 6. HP: 38/68 MP: 6/6
  2996 | D:4      | Learned a level 1 spell: Apportation
  3173 | D:4      | Reached skill level 7 in Fighting
  3233 | D:4      | XOM: draining
  3254 | D:4      | XOM: summons 1 hostile shadow creature
  3289 | D:4      | Reached skill level 5 in Maces & Flails
  3609 | D:4      | XOM: harmless Tloc miscast
  3649 | D:4      | XOM: summons 4 hostile shadow creatures
  3685 | D:3      | XOM is BORED!
  3685 | D:3      | XOM: medium Ice miscast
  3703 | D:3      | XOM: medium Summ miscast
  3704 | D:3      | Noticed a small abomination
  3795 | D:2      | XOM: medium Pois miscast
  4156 | D:4      | Got a smoking robe
  4167 | D:4      | Identified the +1 robe of the Wary Lovers {Int+5} (You found it on level 4 of the Dungeon)
  4245 | D:5      | Entered Level 5 of the Dungeon
  4282 | D:5      | XOM: potion effect (invisibility)
  4304 | D:5      | Mangled by a gnoll
